 Dungeon Crawl Stone Soup version 0.19.1 (webtiles) character file.

14003 KarmaPolice the Dealer of Despair (level 11, -18/87 HPs)
             Began as a Vampire Skald on Dec 1, 2016.
             Was an Elder of Kikubaaqudgha.
             Killed from afar by a lava snake (24 damage)
             ... with a glob of lava
             ... in a volcano.
             The game lasted 01:17:49 (25526 turns).

KarmaPolice the Dealer of Despair (Vampire Skald)  Turns: 25526, Time: 01:17:50

Health: -18/87     AC:  0    Str: 17    XL:     11   Next: 83%
Magic:  19/24      EV: 19    Int: 15    God:    Kikubaaqudgha [****..]
Gold:   506        SH:  0    Dex: 21    Spells: 8 memorised, 3 levels left

rFire  . . .     SeeInvis +     (weapon currently unavailable)
rCold  + . .     Gourm    .     (armour currently unavailable)
rNeg   + + .     Faith    .     (shield currently unavailable)
rPois  +         Spirit   .     (helmet currently unavailable)
rElec  .         Reflect  .     (cloak currently unavailable)
rCorr  .         Harm     .     (gloves currently unavailable)
MR     +....                    (boots currently unavailable)
Stlth  ++++......               (no amulet)
                                (ring currently unavailable)
                                (ring currently unavailable)

@: mighty, bat-form, flying, regenerating slowly, very quick
A: fangs 3, see invisible, (unbreathing)
a: End Transformation, Receive Corpses, Renounce Religion


You were in a volcano.
You worshipped Kikubaaqudgha.
Kikubaaqudgha was greatly pleased with you.
You were near bloodless.
You were in vampire-bat-form.
You visited 3 branches of the dungeon, and saw 14 of its levels.
You also visited: Volcano.

You collected 506 gold pieces.

Inventory:

Hand Weapons
 t - a +2 trident of venom (melded)
 M - a +2 scimitar of flaming
Armour
 b - a +0 pair of gloves (melded)
 k - the +1 leather armour of Impatience (melded) {MR+ Stlth+}
   (You found it on level 6 of the Dungeon)

   It affects your resistance to hostile enchantments.
   It makes you more stealthy.
 B - a +0 pair of boots (melded)
 H - a +0 helmet (melded)
Jewellery
 G - a ring of fire (melded)
 K - an uncursed ring of ice
Wands
 o - a wand of disintegration (3/24)
 v - a wand of random effects (24/48)
 P - a wand of iceblast (1/15)
Scrolls
 a - a scroll of holy word {unknown}
 e - a scroll of enchant armour
 f - a scroll of magic mapping
 g - 2 scrolls of fear
 j - a scroll of random uselessness {unknown}
 l - a scroll of noise {unknown}
 m - 6 scrolls of remove curse
 n - a scroll of identify
 p - 2 scrolls of blinking {unknown}
 r - 2 scrolls of fog {unknown}
 s - a scroll of recharging {unknown}
 u - a scroll of immolation {unknown}
 x - 2 scrolls of teleportation {unknown}
 y - 3 scrolls of enchant weapon {unknown}
 L - a scroll of vulnerability {unknown}
Potions
 d - 4 potions of blood
 q - a potion of berserk rage
 w - a potion of brilliance {unknown}
 A - a potion of haste {unknown}
 C - 3 potions of cancellation
 E - a potion of ambrosia {unknown}
 I - a potion of mutation {unknown}
 N - 2 potions of curing
 O - a potion of flight {unknown}
Books
 c - a book of Battle

   Spells                             Type                      Level
   a - Infusion                       Charms                       1
   b - Shroud of Golubria             Charms/Translocation         2
   c - Song of Slaying                Charms                       2
   d - Spectral Weapon                Hexes/Charms                 3
   e - Regeneration                   Charms/Necromancy            3
 h - Kikubaaqudgha's Papyrus of Black Secrets
   (Kikubaaqudgha gifted it to you on level 8 of the Dungeon)

   Spells                             Type                      Level
   a - Animate Dead                   Necromancy                   4
   b - Excruciating Wounds            Charms/Necromancy            5
   c - Bolt of Draining               Conjuration/Necromancy       5
   d - Dispel Undead                  Necromancy                   5
   e - Death Channel                  Necromancy                   6
 i - Kikubaaqudgha's Tome of Evil
   (Kikubaaqudgha gifted it to you on level 6 of the Dungeon)

   Spells                             Type                      Level
   a - Pain                           Necromancy                   1
   b - Corpse Rot                     Necromancy                   2
   c - Sublimation of Blood           Necromancy                   2
   d - Vampiric Draining              Necromancy                   3
   e - Control Undead                 Necromancy                   4


   Skills:
 - Level 8.4 Fighting
 - Level 4.0 Long Blades
 - Level 3.4 Polearms
 + Level 4.3 Armour
 - Level 1.1 Dodging
 + Level 9.2 Spellcasting
 + Level 3.1 Conjurations
 - Level 4.0 Charms
 + Level 10.6 Necromancy
 - Level 4.0 Evocations


You had 3 spell levels left.
You knew the following spells:

 Your Spells              Type           Power        Failure   Level  Hunger
a - Infusion              Chrm           ###.         1%          1    None
b - Shroud of Golubria    Chrm/Tloc      ##........   10%         2    None
c - Song of Slaying       Chrm           ###.....     3%          2    None
d - Regeneration          Chrm/Necr      ####......   1%          3    #......
e - Vampiric Draining     Necr           #####.....   1%          3    #......
f - Animate Dead          Necr           N/A          1%          4    ###....
g - Dispel Undead         Necr           #####...     4%          5    #####..
h - Bolt of Draining      Conj/Necr      ####......   21%         5    #####..


Dungeon Overview and Level Annotations

Branches:
Dungeon (11/15)            Temple (1/1) D:4            Lair (2/6) D:9
  Swamp (0/4) Lair:2
  Snake: Lair:2-4    Spider: Lair:2-4       Orc: D:9-12

Altars:
Cheibriados
Fedhas
Gozag
Hepliaklqana
Kikubaaqudgha
Nemelex Xobeh
Okawaru
Qazlal
Ru
Trog
Vehumet
Yredelemnul
Zin
The Shining One

Shops:
D:9 (


Innate Abilities, Weirdness & Mutations

You heal slowly.
You have razor-sharp teeth.
You have supernaturally acute eyesight. (SInv)
((You can survive without breathing.))


Message History

The fire bat bites something.
Something is engulfed in flames.
The fire bat bites something but does no damage.
The hell hog breathes fire at your salamander zombie.
The fireball explodes!
The fireball engulfs your salamander zombie.
The fireball engulfs the hell hog.
The hell hog resists.
Your salamander zombie hits the hell hog.
There is an open door here.
Something bites your salamander zombie but does no damage.
Unknown command.
A lava snake comes into view.
The lava snake hisses angrily.
The lava snake spits lava at you. The glob of lava misses you.
The lava snake spits lava at you. The glob of lava misses you.
The lava snake spits lava at you. The glob of lava hits you!
You die...
Kikubaaqudgha rasps: "You have failed me!
Welcome... oblivion!"

###...#### ##..§......
###...§§.....
###.....§......
####.........§≈≈.§
###........§§≈§≈§≈§§
####.........≈≈§≈≈≈§≈≈≈
#∩........§§≈≈≈§§≈≈≈§≈≈
##....b..≈§≈≈≈§§≈≈≈≈≈≈≈
#........§§§≈≈§§§≈§≈≈≈≈
###.....≈§§§≈≈≈≈≈§≈≈≈≈≈
#.......§§§≈≈≈§§≈≈≈≈≈§
####......§§≈§≈≈≈≈≈§≈≈≈§.
#........≈≈≈≈S≈≈≈§§≈≈≈≈≈§
##.......§≈≈§≈≈≈≈≈§§§§§§§
#.........≈≈≈≈≈≈≈≈≈§≈§§≈§
##.......≈§≈≈≈≈≈≈§§§§§≈..


You could see a lava snake.

Vanquished Creatures
  Erica (D:9)
  An unseen horror (D:10)
  A black mamba (Lair:1)
  3 spiny frogs (Lair:1)
  A rime drake (Lair:1)
  4 komodo dragons (Lair:1)
  A queen bee (D:9)
  2 trolls (D:10)
  Grinder (D:6)
  5 blink frogs
  4 hippogriffs
  2 fire bats (Volcano)
  A wyvern (D:8)
  A basilisk (Lair:1)
  2 yaks (Lair:1)
  Eustachio (D:4)
  3 porcupines (Lair:1)
  A water moccasin (Lair:1)
  4 ice beasts
  A hornet zombie (D:9)
  3 orc warriors
  3 ogres
  3 phantoms
  4 sky beasts
  6 centaurs
  2 crocodiles (Lair:1)
  A big kobold (D:7)
  11 bullfrogs
  A water moccasin zombie (D:4)
  A gnoll sergeant (D:8)
  3 scorpions
  2 water moccasin skeletons
  19 killer bees
  A howler monkey (D:5)
  The ghost of dscm the Chiller, a weakling OpIE (D:5)
  A crimson imp (D:4)
  6 lava snakes (Volcano)
  5 orc priests
  A jelly (D:7)
  A centaur skeleton (D:8)
  6 hounds
  Terence (D:3)
  A bullfrog skeleton (D:7)
  2 iguanas
  14 orc wizards
  9 worker ants
  A hound skeleton (D:4)
  A hound zombie (D:6)
  The ghost of dscm the Chiller, a weakling OpIE (D:3)
  The ghost of dscm the Magician, a weakling DEWz (D:4)
  A howler monkey zombie (D:8)
  8 gnolls
  10 adders
  5 shadow imps
  3 oozes
  An adder skeleton (D:7)
  A worm (D:3)
  4 dart slugs
  4 leopard geckos
  55 orcs
  8 giant cockroaches
  8 goblins
  4 hobgoblins
  18 jackals
  3 quokkas
  A ball python (D:3)
  7 bats
  9 frilled lizards
  8 kobolds
  A quokka skeleton (D:5)
  A quokka zombie (D:9)
  11 rats
323 creatures vanquished.

Vanquished Creatures (collateral kills)
  A hippogriff (D:10)
  A yak (Lair:1)
  A fire bat (Volcano)
  A water moccasin (Lair:1)
  A porcupine (Lair:1)
  An ogre (D:10)
  A phantom (D:10)
  A centaur (D:10)
  A crocodile (Lair:1)
  3 killer bees (D:10)
  2 gnolls (D:9)
  A shadow imp (D:10)
  2 orcs (D:10)
  A plant (Lair:1)
18 creatures vanquished.

Vanquished Creatures (others)
  A wizard (D:10)
  4 fungi (Lair:1)
  2 plants (Lair:1)
7 creatures vanquished.

Grand Total: 348 creatures vanquished

Notes
Turn   | Place    | Note
-------+----------+-------------------------------------------
     0 | D:1      | KarmaPolice the Vampire Skald began the quest for the Orb.
     0 | D:1      | Reached XP level 1. HP: 16/16 MP: 3/3
   222 | D:1      | Reached XP level 2. HP: 16/22 MP: 5/5
   251 | D:1      | Learned a level 2 spell: Shroud of Golubria
   254 | D:1      | Learned a level 2 spell: Song of Slaying
   877 | D:1      | Reached XP level 3. HP: 14/27 MP: 6/6
  1952 | D:2      | Found an iron altar of Okawaru.
  2118 | D:3      | Reached XP level 4. HP: 30/33 MP: 7/7
  2380 | D:3      | Noticed Terence
  2391 | D:3      | Killed Terence
  2415 | D:3      | Learned a level 3 spell: Regeneration
  3009 | D:2      | Reached skill level 1 in Polearms
  3358 | D:3      | Reached XP level 5. HP: 25/40 MP: 2/9
  3395 | D:3      | Noticed dscm's ghost (weakling OpIE)
  3812 | D:3      | Killed dscm's ghost
  3812 | D:3      | Reached skill level 1 in Necromancy
  4433 | D:4      | Noticed dscm's ghost (weakling DEWz)
  4450 | D:4      | Killed dscm's ghost
  4521 | D:4      | Reached skill level 2 in Necromancy
  4581 | D:4      | Reached XP level 6. HP: 24/47 MP: 10/10
  4737 | D:4      | Found a radiant altar of Vehumet.
  5209 | D:4      | Reached skill level 3 in Necromancy
  5209 | D:4      | Reached XP level 7. HP: 36/53 MP: 6/12
  5675 | D:4      | Noticed Eustachio
  5690 | D:4      | Killed Eustachio
  6156 | D:4      | Found a staircase to the Ecumenical Temple.
  6165 | Temple   | Entered the Ecumenical Temple
  6182 | Temple   | Became a worshipper of Kikubaaqudgha
  6452 | D:5      | Entered Level 5 of the Dungeon
  7065 | D:5      | Reached skill level 4 in Necromancy
  7166 | D:5      | Reached XP level 8. HP: 25/61 MP: 11/14
  7419 | D:5      | Noticed dscm's ghost (weakling OpIE)
  7936 | D:5      | Killed dscm's ghost
  8191 | D:6      | Found a glowing silver altar of Zin.
  8193 | D:6      | Found a blossoming altar of Fedhas.
  8195 | D:6      | Found a basalt altar of Yredelemnul.
  8212 | D:6      | Reached skill level 5 in Fighting
  8404 | D:6      | Reached skill level 5 in Spellcasting
  8404 | D:6      | Reached skill level 5 in Necromancy
  8696 | D:6      | Reached * piety under Kikubaaqudgha
  8696 | D:6      | Identified Kikubaaqudgha's Tome of Evil (Kikubaaqudgha gifted it to you on level 6 of the Dungeon)
  8696 | D:6      | Received a gift from Kikubaaqudgha
  8870 | D:7      | Found a hazy altar of Hepliaklqana.
  9221 | D:6      | Noticed Grinder
  9237 | D:6      | Killed Grinder
  9237 | D:6      | Reached skill level 6 in Necromancy
  9435 | D:6      | Learned a level 3 spell: Vampiric Draining
  9496 | D:6      | Got a dazzling leather armour
  9539 | D:6      | Identified the +1 leather armour of Impatience {MR+ Stlth+} (You found it on level 6 of the Dungeon)
  9559 | D:6      | Reached XP level 9. HP: 50/69 MP: 17/17
 10537 | D:7      | Reached skill level 1 in Evocations
 12740 | D:7      | Reached skill level 7 in Necromancy
 14441 | D:8      | Reached ** piety under Kikubaaqudgha
 14935 | D:8      | Reached XP level 10. HP: 73/79 MP: 20/20
 14960 | D:8      | Found a glowing golden altar of the Shining One.
 15132 | D:7      | Reached skill level 8 in Necromancy
 15761 | D:8      | HP: 2/79 [centaur (8)]
 16075 | D:8      | Found a bloodstained altar of Trog.
 16721 | D:8      | Reached *** piety under Kikubaaqudgha
 16721 | D:8      | Identified Kikubaaqudgha's Papyrus of Black Secrets (Kikubaaqudgha gifted it to you on level 8 of the Dungeon)
 16721 | D:8      | Received a gift from Kikubaaqudgha
 16737 | D:8      | Learned a level 4 spell: Animate Dead
 16842 | D:9      | Found Rableyma's Antique Weapon Emporium.
 16930 | D:9      | Found a staircase to the Lair.
 17135 | D:9      | Noticed Erica
 17165 | D:9      | Killed Erica
 17165 | D:9      | Reached skill level 9 in Necromancy
 17368 | D:9      | Learned a level 5 spell: Dispel Undead
 18595 | D:10     | Entered Level 10 of the Dungeon
 18823 | D:10     | Found a bloodstained altar of Trog.
 18827 | D:10     | Noticed a wizard
 18836 | D:10     | Killed a wizard
 18874 | D:10     | Reached skill level 1 in Armour
 20013 | D:11     | Noticed a hill giant
 20247 | D:10     | Reached XP level 11. HP: 67/87 MP: 13/23
 20291 | D:10     | Noticed an unseen horror
 20306 | D:10     | Killed an unseen horror
 20534 | D:10     | Learned a level 5 spell: Bolt of Draining
 20598 | D:10     | Reached **** piety under Kikubaaqudgha
 21180 | Lair:1   | Entered Level 1 of the Lair of Beasts
 21527 | Lair:1   | Reached skill level 1 in Conjurations
 22902 | Lair:1   | Reached skill level 10 in Necromancy
 24722 | Lair:2   | Found a dark tunnel.
 24733 | Volcano  | Entered a volcano
 25482 | Volcano  | Found a burning altar of Makhleb.
 25482 | Volcano  | Noticed a hell hog
 25494 | Volcano  | HP: 3/87 [hell hog (8)]
 25526 | Volcano  | Killed from afar by a lava snake

Skill      XL: |  1  2  3  4  5  6  7  8  9 10 11 |
---------------+----------------------------------+-----
Fighting       | 2 3 4 6 7 8 |  8.4
Charms         | 4 |  4.0
Polearms       | 1 2 3 |  3.4
Spellcasting   | 3 4 5 7 8 9 |  9.2
Necromancy     | 2 3 4 6 7 9 10 | 10.6
Evocations     | 3 4 |  4.0
Long Blades    | 4 |  4.0
Armour         | 2 4 |  4.3
Conjurations   | 3 |  3.1
Dodging        | |  1.1

Action                   |  1- 3 |  4- 6 |  7- 9 | 10-12 || total
-------------------------+-------+-------+-------+-------++-------
Melee: Falchion          |    76 |       |       |       ||    76
       Bite              |    10 |     7 |    39 |    39 ||    95
       Trident           |     7 |   133 |   478 |   466 ||  1084
       Scimitar          |       |       |       |     7 ||     7
 Cast: Infusion          |     3 |    10 |    17 |    32 ||    62
       Song of Slaying   |       |     2 |     1 |     4 ||     7
       Regeneration      |       |     3 |    20 |    88 ||   111
       Shroud of Golubri |       |     2 |     7 |    14 ||    23
       Vampiric Draining |       |       |     2 |    45 ||    47
       Animate Dead      |       |       |       |    20 ||    20
       Dispel Undead     |       |       |       |     1 ||     1
Invok: Receive Corpses   |       |       |       |     1 ||     1
 Abil: Bat Form          |       |     3 |     4 |    49 ||    56
       End Transformatio |       |     3 |     4 |    48 ||    55
Evoke: Wand              |       |       |       |    11 ||    11
  Use: Potion            |       |     3 |    13 |    26 ||    42
       Scroll            |       |       |     5 |     6 ||    11
 Stab: Sleeping          |     6 |     4 |    12 |     7 ||    29
       Distracted        |       |     1 |     4 |     3 ||     8
       Paralysed         |       |       |       |     6 ||     6
  Eat: Corpse            |       |     4 |     5 |     7 ||    16
Armor: Leather armour    |    22 |    17 |   149 |   148 ||   336
Dodge: Dodged            |    48 |    59 |   266 |   299 ||   672
       Rpst.: Falchion   |    18 |       |       |       ||    18
       Scimitar          |       |       |       |     2 ||     2
